 Dungeon Crawl Stone Soup version 0.31.0-12-g77e489cdc1 (webtiles) character file.

Game seed: 13687063304851750129

1249 Peloso the Carver (level 8, -10/66 (70) HPs)
             Began as a Minotaur Fighter on Feb 29, 2024.
             Mangled by a wight
             ... wielding a +0 dire flail
              (14 damage)
             ... on level 6 of the Dungeon.
             The game lasted 00:07:57 (5037 turns).

Peloso the Carver (Minotaur Fighter)                Turns: 5037, Time: 00:07:58

HP:   -10/66 (70)   AC: 14    Str: 21    XL:     8   Next: 26%
MP:   7/7           EV:  7    Int:  5    God:
Gold: 306           SH:  6    Dex: 18    Spells: 7/7 levels left

rFire   . . .        a - +0 long sword
rCold   . . .        d - +0 buckler
rNeg    . . .        h - +0 plate armour
rPois   .            (helmet restricted)
rElec   .            p - +0 cloak
rCorr   .            (no gloves)
SInv    .            (no boots)
Will    .....        (no amulet) Stlth
                     m - +6 ring of dexterity
HPRegen 0.31/turn    (no ring)
MPRegen 0.10/turn

%: no passive effects
@: drained
A: horns 2, retaliatory headbutt
a: no special abilities


You were on level 6 of the Dungeon.
You visited 1 branch of the dungeon, and saw 6 of its levels.

You collected 306 gold pieces.

Inventory:

Hand Weapons
 a - a +0 long sword (weapon)
 b - a +2 dagger of flaming
 c - a +0 dagger
Armour
 d - a +0 buckler (worn)
 h - a +0 plate armour (worn)
 i - a +0 scale mail
 p - a +0 cloak (worn)
Jewellery
 m - a +6 ring of dexterity (left hand)
Wands
 s - a wand of iceblast (13)
Scrolls
 e - a scroll of poison {unknown}
 g - 4 scrolls of teleportation
 j - 4 scrolls of identify
 q - a scroll of amnesia {unknown}
 r - 2 scrolls of vulnerability {unknown}
Potions
 f - a potion of enlightenment
 k - 3 potions of might
 l - a potion of curing
 n - a potion of cancellation {unknown}
 o - 2 potions of heal wounds {unknown}
 t - a potion of attraction {unknown}


   Skills:
 + Level 5.7 Fighting
 + Level 8.0 Long Blades
 + Level 7.2 Armour
 + Level 2.0 Dodging
 + Level 5.6 Shields


You had 7 spell levels left.
You didn't know any spells.
Your spell library contained the following spells:

 Spells                   Type           Power      Damage    Failure   Level
 Sting                    Conj/Alch      0%         1d3       100%        1
 Call Imp                 Summ           0%         N/A       100%        2
 Mercury Vapours          Alch/Air       0%         N/A       100%        2
 Sublimation of Blood     Necr           0%         N/A       100%        2
 Gell's Gravitas          Tloc           0%         N/A       100%        3
 Teleport Other           Tloc           0%         N/A       100%        3
 Olgreb's Toxic Radiance  Alch           0%         N/A       100%        4
 Dispersal                Tloc           0%         N/A       100%        6
 Summon Hydra             Summ           0%         N/A       100%        7


Dungeon Overview and Level Annotations

Branches:
Dungeon (6/15)
 Temple: D:4-7

Altars:
Cheibriados
Nemelex Xobeh
Trog

Annotations:
D:4 2 transporters, lasso's ghost, amateur DsMo
D:5 Ijyb


Innate Abilities, Weirdness & Mutations

You have a pair of horns on your head.
You reflexively headbutt those who attack you in melee.


Message History

The wight hits you but does no damage.
You completely miss the wight.
The wight hits you with a +2 great sword!
You closely miss the wight. The wight misses you.
You barely miss the wight.
A wight comes into view. It is wielding a +0 dire flail.
You slash the wight!
The wight is heavily damaged.
The wight hits you with a +2 great sword!
The wight hits you but does no damage.
You closely miss the wight.
The wight is heavily damaged.
The wight barely misses you.
The wight hits you with a +0 dire flail.
You hit the wight but do no damage.
The wight is heavily damaged.
The wight barely misses you. The wight closely misses you.
You hit the wight but do no damage.
The wight is heavily damaged.
The wight hits you with a +2 great sword!
The wight hits you with a +0 dire flail.
* * * LOW HITPOINT WARNING * * *
You feel drained.
Unknown command.
You hit the wight. Your headbutt misses the wight.
The wight is severely damaged.
The wight hits you but does no damage. The wight barely misses you.
The wight hits you with a +0 dire flail!
* * * LOW HITPOINT WARNING * * *
You feel drained.
* * * LOW HITPOINT WARNING * * *
The wight hits you with a +2 great sword.
* * * LOW HITPOINT WARNING * * *
You feel drained. The wight attacks as it pursues you!
The wight hits you with a +2 great sword.
* * * LOW HITPOINT WARNING * * *
The wight attacks as it pursues you!
The wight hits you with a +0 dire flail!
You die...

######. .......
....... .......
.......
.......##
........## #zz#
##@# #.#########
#.........#
#.........#
##........######
#........##...#
#........##...#
#........##...#
...............#


You could see 2 wights.

Vanquished Creatures
  Duvessa (D:5)
  A sky beast (D:6)
  An ice beast (D:6)
  Blork the orc (D:4)
  3 scorpions
  2 wights (D:6)
  Dowan (D:5)
  2 howler monkeys
  A bombardier beetle (D:4)
  A jelly (D:5)
  A hound (D:3)
  Crazy Yiuf (D:5)
  Natasha (twice) (D:2)
  3 iguanas
  Robin (D:2)
  5 gnolls
  6 adders
  A white imp (D:6)
  2 ribbon worms
  9 orcs
  6 endoplasms
  A giant cockroach (D:4)
  20 goblins
  10 hobgoblins
  6 jackals (D:4)
  2 kobolds
  4 quokkas
  7 ball pythons
  7 bats
  5 frilled lizards
  6 rats
119 creatures vanquished.

Notes
Turn   | Place    | Note
-------+----------+-------------------------------------------
     0 | D:1      | Peloso the Minotaur Fighter began the quest for the Orb.
     0 | D:1      | Reached XP level 1. HP: 19/19 MP: 0/0
   237 | D:1      | Reached XP level 2. HP: 26/27 MP: 1/1
   304 | D:1      | Found a faded altar of an unknown god.
   585 | D:1      | Reached skill level 3 in Long Blades
  1055 | D:2      | Noticed Robin
  1068 | D:2      | Reached XP level 3. HP: 31/33 MP: 2/2
  1084 | D:2      | Killed Robin
  1085 | D:2      | Reached skill level 1 in Dodging
  1394 | D:2      | Noticed Natasha
  1400 | D:2      | Killed Natasha
  1401 | D:2      | Reached XP level 4. HP: 39/40 MP: 3/3
  1514 | D:2      | Noticed Natasha
  1516 | D:2      | Killed Natasha
  1771 | D:3      | Found a sparkling altar of Nemelex Xobeh.
  1779 | D:3      | Reached skill level 4 in Long Blades
  1779 | D:3      | Reached XP level 5. HP: 47/47 MP: 4/4
  2000 | D:3      | Identified the +1 robe of Sewet {Fly rPois Str+2}
  2366 | D:4      | Noticed Blork the orc
  2389 | D:4      | Killed Blork the orc
  2557 | D:4      | Reached skill level 5 in Armour
  2557 | D:4      | Reached XP level 6. HP: 55/55 MP: 5/5
  2568 | D:4      | Noticed lasso's ghost (amateur DsMo)
  2588 | D:4      | Found a transporter.
  2600 | D:4      | Reached skill level 5 in Long Blades
  2658 | D:4      | Found a transporter.
  2803 | D:4      | Reached skill level 5 in Fighting
  2862 | D:4      | Found a bloodstained altar of Trog.
  3239 | D:5      | Entered Level 5 of the Dungeon
  3453 | D:5      | Found a runed translucent door.
  3454 | D:5      | Noticed Crazy Yiuf
  3539 | D:5      | Reached skill level 5 in Shields
  3539 | D:5      | Noticed Ijyb
  3545 | D:5      | Reached XP level 7. HP: 45/61 MP: 6/6
  3740 | D:5      | Noticed Duvessa
  3740 | D:5      | Noticed Dowan
  3774 | D:5      | Killed Duvessa
  3775 | D:5      | Reached skill level 6 in Long Blades
  3781 | D:5      | Killed Dowan
  4479 | D:5      | Killed Crazy Yiuf
  4586 | D:6      | Reached skill level 7 in Long Blades
  4685 | D:6      | Found a snail-covered altar of Cheibriados.
  5016 | D:6      | Reached XP level 8. HP: 69/69 MP: 7/7
  5025 | D:6      | Reached skill level 8 in Long Blades
  5037 | D:6      | Mangled by a wight

Illustrated notes

Levels and vault maps discovered:
D:1:      co_arrival_random_square_maze, layout_basic,
          dreamdust_ecumenical_altar_grove, roderic_st_hans_cross, st_stairs_13,
          eino_curves_02
D:2:      layout_basic, kennysheep_generic_room_13, uniq_robin, uniq_natasha
D:3:      layout_basic, nemelex_xobeh_ov_fountains_minmay, minmay_quantized
D:4:      layout_loops_ring, trog_butcher_becter, gammafunk_ghost_gnarly_gnolls,
          uniq_blork_the_orc
D:5:      layout_basic, uniq_ijyb, uniq_duvessa, uniq_crazy_yiuf_cottage
D:6:      layout_basic, lemuel_round_altar, minivault_23,
          chequers_serial_rivers_small_a

Skill      XL: |  1  2  3  4  5  6  7  8 |
---------------+-------------------------+-----
Armour         | 4 5 6 7 |  7.2
Long Blades    | 3 4 5 7 8 |  8.0
Fighting       | 4 5 |  5.7
Shields        | 4 5 |  5.6
Dodging        | 1 2 |  2.0

Action                     |  1- 3 |  4- 6 |  7- 9 || total
---------------------------+-------+-------+-------++-------
  Melee: Long sword        |    89 |   157 |   106 ||   352
         Headbutt          |    13 |    29 |    22 ||    64
    Use: Scroll            |     3 |       |     1 ||     4
         Potion            |     2 |     4 |       ||     6
 Armour: Scale mail        |    65 |     6 |       ||    71
         Plate armour      |       |   163 |   100 ||   263
  Dodge: Dodged            |    38 |    72 |    27 ||   137
  Block: Buckler           |    25 |    61 |    21 ||   107
